TOP OF THE 1ST |
Lexington Legends batting - Pitching for Delmarva Shorebirds : LHP Freddy Gutierrez
|
Pitching: LHP Freddy Gutierrez
|
|
Batting: RHB Kasey Bland
|
0-0: SINGLE (Groundball, 56D, EV 100.0 MPH)
|
Batting: SHB Jason Anaya
|
0-0: Ball 1-0: Foul Ball, location: 2F 1-1: Fly out, F3 (Popup, 23F, EV 91.2 MPH)
|
Batting: LHB Alberto Chavez
|
0-0: Fielders Choice at 2nd, 6-4 (Groundball, 6M, EV 81.2 MPH)
|
Batting: RHB Phil Hamby
|
0-0: Ball 1-0: Foul Ball, location: 2F 1-1: Ball 2-1: Called Strike 2-2: Ball 3-2: Ground out 5-3 (Groundball, 56, EV 93.1 MPH)
|
Top of the 1st over - 0 runs, 1 hit, 0 errors, 1 left on base; Lexington 0 - Delmarva 0 |
BOTTOM OF THE 1ST |
Delmarva Shorebirds batting - Pitching for Lexington Legends : RHP Philip Terrell
|
Pitching: RHP Philip Terrell
|
|
Batting: RHB Alex Valencia
|
0-0: Fly out, F7 (Line Drive, 78M, EV 90.0 MPH)
|
Batting: SHB Brian Bentz
|
0-0: Called Strike 0-1: Foul Ball, location: 2F 0-2: Ball 1-2: Ball 2-2: Foul Ball, location: 2F 2-2: Ball 3-2: Strikes out swinging
|
Batting: RHB Dave Perron
|
0-0: Ball 1-0: Ball 2-0: Ground out 6-3 (Groundball, 56, EV 87.5 MPH)
|
Bottom of the 1st over - 0 runs, 0 hits, 0 errors, 0 left on base; Lexington 0 - Delmarva 0 |
TOP OF THE 2ND |
Lexington Legends batting - Pitching for Delmarva Shorebirds : LHP Freddy Gutierrez
|
Batting: LHB Kevin Rolison
|
0-0: Ground out 6-3 (Groundball, 6, EV 81.2 MPH)
|
Batting: LHB Mike Bhatti
|
0-0: Ball 1-0: Ball 2-0: Ball 3-0: Called Strike 3-1: Swinging Strike 3-2: Ground out 6-3 (Groundball, 4M, EV 96.9 MPH)
|
Batting: LHB Danny Pacheco
|
0-0: Called Strike 0-1: Foul Ball, location: 2F 0-2: Ball 1-2: Fly out, F8 (Flyball, 78M, EV 83.1 MPH)
|
Top of the 2nd over - 0 runs, 0 hits, 0 errors, 0 left on base; Lexington 0 - Delmarva 0 |
BOTTOM OF THE 2ND |
Delmarva Shorebirds batting - Pitching for Lexington Legends : RHP Philip Terrell
|
Batting: LHB Tomas de Zeeuw
|
0-0: Called Strike 0-1: Foul Ball, location: 2F 0-2: Ball 1-2: Strikes out swinging
|
Batting: SHB Jorge Brito
|
0-0: Swinging Strike 0-1: Called Strike 0-2: Ball 1-2: Fly out, F7 (Line Drive, 78M, EV 92.5 MPH)
|
Batting: LHB Miguel Medina
|
0-0: Ball 1-0: Foul Ball, location: 2F 1-1: Swinging Strike 1-2: Ball 2-2: SINGLE (Groundball, 4D, EV 105.6 MPH)
|
Batting: RHB Andy Bridger
|
0-0: Ball Miguel Medina steals 2nd base 1-0: Ball 2-0: Foul Ball, location: 2F 2-1: SINGLE (Groundball, 56, EV 103.1 MPH) (infield hit) Miguel Medina to third
|
Batting: RHB Steve Jones
|
0-0: Ball 1-0: Called Strike 1-1: Called Strike 1-2: Ball 2-2: Ball 3-2: SINGLE (Line Drive, 9S, EV 98.8 MPH) Miguel Medina scores Andy Bridger to second Andy Bridger to third
|
Pitching: RHP Junsuke Abe
|
|
Batting: LHB Justin Moore
|
0-0: Ball 1-0: Swinging Strike 1-1: Called Strike 1-2: Fly out, F9 (Flyball, 9, EV 87.5 MPH)
|
Bottom of the 2nd over - 1 run, 3 hits, 0 errors, 2 left on base; Lexington 0 - Delmarva 1 |
TOP OF THE 3RD |
Lexington Legends batting - Pitching for Delmarva Shorebirds : LHP Freddy Gutierrez
|
Batting: RHB Wei-guo Tsu
|
0-0: Ball 1-0: Ball 2-0: Called Strike 2-1: Ball 3-1: Foul Ball, location: 2F 3-2: Foul Ball, location: 2F 3-2: Fly out, F9 (Line Drive, 9, EV 88.1 MPH)
|
Batting: LHB John Dietrich
|
0-0: Foul Ball, location: 2F 0-1: Ball 1-1: Ball 2-1: Ball 3-1: Foul Ball, location: 2F 3-2: Foul Ball, location: 2F 3-2: Strikes out swinging
|
Batting: RHB Kasey Bland
|
0-0: Called Strike 0-1: Ball 1-1: Called Strike 1-2: Foul Ball, location: 2F 1-2: Ball 2-2: Ball 3-2: Ground out 5-3 (Groundball, 56S, EV 65.6 MPH)
|
Top of the 3rd over - 0 runs, 0 hits, 0 errors, 0 left on base; Lexington 0 - Delmarva 1 |
BOTTOM OF THE 3RD |
Delmarva Shorebirds batting - Pitching for Lexington Legends : RHP Junsuke Abe
|
Batting: RHB Alex Valencia
|
0-0: Ball 1-0: Ball 2-0: Ground out 6-3 (Groundball, 6, EV 91.9 MPH)
|
Batting: SHB Brian Bentz
|
0-0: Called Strike 0-1: Foul Ball, location: 2F 0-2: Ground out 6-3 (Groundball, 4S, EV 86.2 MPH)
|
Batting: RHB Dave Perron
|
0-0: Ball 1-0: Called Strike 1-1: Ball 2-1: Ball 3-1: Swinging Strike 3-2: Strikes out swinging
|
Bottom of the 3rd over - 0 runs, 0 hits, 0 errors, 0 left on base; Lexington 0 - Delmarva 1 |
TOP OF THE 4TH |
Lexington Legends batting - Pitching for Delmarva Shorebirds : LHP Freddy Gutierrez
|
Batting: SHB Jason Anaya
|
0-0: Ball 1-0: Called Strike 1-1: Called Strike 1-2: Ball 2-2: Strikes out swinging
|
Batting: LHB Alberto Chavez
|
0-0: Called Strike 0-1: Foul Ball, location: 2F 0-2: Ball 1-2: Hit by Pitch
|
Batting: RHB Phil Hamby
|
0-0: Called Strike 0-1: Ball 1-1: Ball 2-1: Ball 3-1: Base on Balls Alberto Chavez to second
|
Batting: LHB Kevin Rolison
|
0-0: Foul Ball, location: 2F 0-1: Called Strike 0-2: SINGLE (Groundball, 5S, EV 68.8 MPH) (infield hit) Alberto Chavez to third Phil Hamby to second
|
Batting: LHB Mike Bhatti
|
0-0: Ball 1-0: Ball 2-0: Called Strike 2-1: Ball 3-1: Called Strike 3-2: Foul Ball, location: 2F 3-2: Strikes out swinging
|
Batting: LHB Danny Pacheco
|
0-0: Ball 1-0: Fly out, F7 (Flyball, 7LM, EV 86.9 MPH)
|
Top of the 4th over - 0 runs, 1 hit, 0 errors, 3 left on base; Lexington 0 - Delmarva 1 |
BOTTOM OF THE 4TH |
Delmarva Shorebirds batting - Pitching for Lexington Legends : RHP Junsuke Abe
|
Batting: LHB Tomas de Zeeuw
|
0-0: Swinging Strike 0-1: Foul Ball, location: 2F 0-2: Ball 1-2: Ball 2-2: Foul Ball, location: 2F 2-2: Foul Ball, location: 2F 2-2: Foul Ball, location: 2F 2-2: Strikes out swinging
|
Batting: SHB Jorge Brito
|
0-0: Ball 1-0: SOLO HOME RUN (Flyball, 89XD, EV 115.6 MPH), Distance : 465 ft
|
Batting: LHB Miguel Medina
|
0-0: Ball 1-0: Ground out 4-3 (Groundball, 4, EV 108.1 MPH)
|
Batting: RHB Andy Bridger
|
0-0: Foul Ball, location: 2F 0-1: Ground out U3 (Groundball, 34, EV 83.1 MPH)
|
Bottom of the 4th over - 1 run, 1 hit, 0 errors, 0 left on base; Lexington 0 - Delmarva 2 |
TOP OF THE 5TH |
Lexington Legends batting - Pitching for Delmarva Shorebirds : LHP Freddy Gutierrez
|
Batting: RHB Wei-guo Tsu
|
0-0: Called Strike 0-1: Ball 1-1: Foul Ball, location: 2F 1-2: Ball 2-2: Strikes out looking
|
Batting: LHB John Dietrich
|
0-0: Called Strike 0-1: Foul Ball, location: 2F 0-2: Foul Ball, location: 2F 0-2: Ball 1-2: Ball 2-2: Ball 3-2: Foul Ball, location: 2F 3-2: SINGLE (Groundball, 34D, EV 101.9 MPH)
|
Batting: RHB Kasey Bland
|
0-0: Ball 1-0: Called Strike 1-1: Foul Ball, location: 2F 1-2: Grounds into double play, 5-4-3 (Groundball, 56S, EV 90.0 MPH)
|
Top of the 5th over - 0 runs, 1 hit, 0 errors, 0 left on base; Lexington 0 - Delmarva 2 |
BOTTOM OF THE 5TH |
Delmarva Shorebirds batting - Pitching for Lexington Legends : RHP Junsuke Abe
|
Pitching: LHP Hyoji Kawabata
|
|
Batting: RHB Steve Jones
|
0-0: Ball 1-0: Ball 2-0: Foul Ball, location: 2F 2-1: Foul Ball, location: 2F 2-2: Foul Ball, location: 2F 2-2: Foul Ball, location: 2F 2-2: Strikes out swinging
|
Batting: LHB Justin Moore
|
0-0: Foul Ball, location: 2F 0-1: Swinging Strike 0-2: Ball 1-2: Fly out, F8 (Flyball, 8LM, EV 85.0 MPH)
|
Batting: RHB Alex Valencia
|
0-0: Ball 1-0: Called Strike 1-1: Ball 2-1: Foul Ball, location: 2F 2-2: SINGLE (Flyball, 7LS, EV 90.6 MPH)
|
Batting: SHB Brian Bentz
|
0-0: Ball 1-0: SINGLE (Groundball, 6MD, EV 100.0 MPH) Alex Valencia to second Runner from 2nd tries for 3rd, OUT! 8-5
|
Bottom of the 5th over - 0 runs, 2 hits, 0 errors, 1 left on base; Lexington 0 - Delmarva 2 |
TOP OF THE 6TH |
Lexington Legends batting - Pitching for Delmarva Shorebirds : LHP Freddy Gutierrez
|
Batting: SHB Jason Anaya
|
0-0: Swinging Strike 0-1: Fly out, F7 (Flyball, 7LS, EV 84.4 MPH)
|
Batting: LHB Alberto Chavez
|
0-0: Ball 1-0: Foul Ball, location: 2F 1-1: Foul Ball, location: 2F 1-2: Foul Ball, location: 2F 1-2: Ball 2-2: Foul Ball, location: 2F 2-2: Foul Ball, location: 2F 2-2: Ball 3-2: Foul Ball, location: 2F 3-2: Fly out, F9 (Line Drive, 9, EV 86.2 MPH)
|
Batting: RHB Phil Hamby
|
0-0: Fly out, F9 (Line Drive, 9, EV 101.9 MPH)
|
Top of the 6th over - 0 runs, 0 hits, 0 errors, 0 left on base; Lexington 0 - Delmarva 2 |
BOTTOM OF THE 6TH |
Delmarva Shorebirds batting - Pitching for Lexington Legends : LHP Hyoji Kawabata
|
Batting: RHB Dave Perron
|
0-0: Ball 1-0: SOLO HOME RUN (Flyball, 78XD, EV 103.8 MPH), Distance : 402 ft
|
Batting: LHB Tomas de Zeeuw
|
0-0: Ball 1-0: Swinging Strike 1-1: Called Strike 1-2: Strikes out swinging
|
Pitching: RHP Mike Guidroz
|
|
Batting: SHB Jorge Brito
|
0-0: Foul Ball, location: 2F 0-1: Ball 1-1: Foul Ball, location: 2F 1-2: Strikes out swinging
|
Batting: LHB Miguel Medina
|
0-0: Ground out 6-3 (Groundball, 6, EV 83.1 MPH)
|
Bottom of the 6th over - 1 run, 1 hit, 0 errors, 0 left on base; Lexington 0 - Delmarva 3 |
TOP OF THE 7TH |
Lexington Legends batting - Pitching for Delmarva Shorebirds : LHP Freddy Gutierrez
|
Pitching: LHP John Dyer
|
|
Now in LF: Antonio Gamez
|
|
Batting: LHB Kevin Rolison
|
0-0: Ball 1-0: Ground out 4-3 (Groundball, 4, EV 104.4 MPH)
|
Batting: LHB Mike Bhatti
|
0-0: Called Strike 0-1: Called Strike 0-2: Strikes out swinging
|
Batting: LHB Danny Pacheco
|
0-0: Ball 1-0: Foul Ball, location: 2F 1-1: Swinging Strike 1-2: Strikes out swinging
|
Top of the 7th over - 0 runs, 0 hits, 0 errors, 0 left on base; Lexington 0 - Delmarva 3 |
BOTTOM OF THE 7TH |
Delmarva Shorebirds batting - Pitching for Lexington Legends : RHP Mike Guidroz
|
Batting: RHB Andy Bridger
|
0-0: Called Strike 0-1: Ball 1-1: Foul Ball, location: 2F 1-2: Ball 2-2: Ground out 1-3 (Groundball, 13S, EV 73.1 MPH)
|
Batting: RHB Steve Jones
|
0-0: Ball 1-0: Ball 2-0: Ball 3-0: Called Strike 3-1: Called Strike 3-2: SINGLE (Groundball, 3D, EV 97.5 MPH)
|
Batting: LHB Justin Moore
|
0-0: Ball Steve Jones steals 2nd, throwing error, E2 Steve Jones to third 1-0: Ground out 1-3 (Groundball, 15S, EV 71.9 MPH)
|
Batting: RHB Alex Valencia
|
0-0: Called Strike 0-1: Ball 1-1: Foul Ball, location: 2F 1-2: Ball 2-2: Strikes out swinging
|
Bottom of the 7th over - 0 runs, 1 hit, 1 error, 1 left on base; Lexington 0 - Delmarva 3 |
TOP OF THE 8TH |
Lexington Legends batting - Pitching for Delmarva Shorebirds : LHP John Dyer
|
Batting: RHB Wei-guo Tsu
|
0-0: Swinging Strike 0-1: Ball 1-1: Called Strike 1-2: Strikes out swinging
|
Batting: LHB John Dietrich
|
0-0: Ball 1-0: Called Strike 1-1: Swinging Strike 1-2: Strikes out swinging
|
Batting: RHB Kasey Bland
|
0-0: Ball 1-0: Ground out 1-3 (Groundball, 13S, EV 71.9 MPH)
|
Top of the 8th over - 0 runs, 0 hits, 0 errors, 0 left on base; Lexington 0 - Delmarva 3 |
BOTTOM OF THE 8TH |
Delmarva Shorebirds batting - Pitching for Lexington Legends : RHP Mike Guidroz
|
Pitching: RHP Edward Cadenhead
|
|
Batting: SHB Brian Bentz
|
0-0: Foul Ball, location: 2F 0-1: Ball 1-1: Foul Ball, location: 2F 1-2: SOLO HOME RUN (Flyball, 9D, EV 98.1 MPH), Distance : 360 ft
|
Batting: RHB Antonio Gamez
|
0-0: Swinging Strike 0-1: Swinging Strike 0-2: Foul Ball, location: 2F 0-2: Ball 1-2: Ball 2-2: Ground out 6-3 (Groundball, 56, EV 99.4 MPH)
|
Batting: LHB Tomas de Zeeuw
|
0-0: Ground out U3 (Groundball, 3, EV 83.1 MPH)
|
Batting: SHB Jorge Brito
|
0-0: Called Strike 0-1: Ball 1-1: Swinging Strike 1-2: Ball 2-2: Foul Ball, location: 2F 2-2: Strikes out swinging
|
Bottom of the 8th over - 1 run, 1 hit, 0 errors, 0 left on base; Lexington 0 - Delmarva 4 |
TOP OF THE 9TH |
Lexington Legends batting - Pitching for Delmarva Shorebirds : LHP John Dyer
|
Batting: SHB Jason Anaya
|
0-0: Swinging Strike 0-1: Foul Ball, location: 2F 0-2: Ball 1-2: Strikes out swinging
|
Batting: LHB Alberto Chavez
|
0-0: Foul Ball, location: 2F 0-1: Ball 1-1: Ball 2-1: Foul Ball, location: 2F 2-2: Strikes out swinging
|
Batting: RHB Phil Hamby
|
0-0: Ball 1-0: Fly out, F8 (Line Drive, 89M, EV 98.1 MPH)
|
Top of the 9th over - 0 runs, 0 hits, 0 errors, 0 left on base; Lexington 0 - Delmarva 4 |
|